 Dungeon Crawl Stone Soup version 0.30-a0-553-g7fabdf1491 (webtiles) character file.

Game seed: 18333590776746773805

3173 arthad the Geomancer (level 9, -5/47 HPs)
             Began as a Gargoyle Earth Elementalist on Dec 26, 2022.
             Was a Believer of Vehumet.
             Shot with a bolt by an orc warrior (14 damage)
             ... on level 8 of the Dungeon.
             The game lasted 00:17:27 (5036 turns).

arthad the Geomancer (Gargoyle Earth Elementalist)  Turns: 5036, Time: 00:17:28

Health: -5/47      AC: 13    Str: 11    XL:     9   Next: 94%
Magic:  17/18      EV: 13    Int: 25    God:    Vehumet [**....]
Gold:   420        SH:  0    Dex: 11    Spells: 16/20 levels left

rFire   . . .      SeeInvis .    (no weapon)
rCold   + . .      Faith    .    (no shield)
rNeg    + + .      Spirit   .    J - +1 robe
rPois   ∞          Reflect  .    K - +0 helmet
rElec   +          Harm     .    y - +2 ratskin cloak {*Rats rPois rN+ Str-1 Int-1 Dex+1}
rCorr   .          Rampage  .    (no gloves)
Will    .....                    (no boots)
Stlth   +++                      c - amulet of magic regeneration
HPRegen 0.27/turn                h - +6 ring of intelligence
MPRegen 0.56/turn                w - ring of protection from cold

@: no status effects
A: sickness immunity, AC +6, negative energy resistance 1, electricity
resistance, torment resistance 1, petrification resistance
a: Renounce Religion


You were on level 8 of the Dungeon.
You worshipped Vehumet.
Vehumet was pleased with you.
You visited 1 branch of the dungeon, and saw 8 of its levels.

You collected 420 gold pieces.

Inventory:

Hand Weapons
 I - a +2 dagger of chaos
Missiles
 d - 2 boomerangs of dispersal
 i - 23 poisoned darts
 k - 10 boomerangs
 n - a curare-tipped dart
Armour
 a - a +0 robe
 p - a +3 ring mail
 y - the +2 ratskin cloak (worn) {*Rats rPois rN+ Str-1 Int-1 Dex+1}
   (You found it on level 5 of the Dungeon)

   When the wearer is hurt, rats may emerge from it to assist them.
   Str:       It affects your strength (-1).
   Int:       It affects your intelligence (-1).
   Dex:       It affects your dexterity (+1).
   rPois:     It protects you from poison.
   rN:        It protects you from negative energy.
 J - a +1 robe (worn)
 K - a +0 helmet (worn)
Magical Staves
 e - a staff of cold
 g - a staff of poison
 v - a staff of death
Jewellery
 c - an amulet of magic regeneration (around neck)
 h - a +6 ring of intelligence (left hand)
 w - a ring of protection from cold (right hand)
 A - a ring of ice
Wands
 t - a wand of paralysis (5)
 H - a wand of mindburst (2)
Scrolls
 j - a scroll of teleportation
 m - a scroll of poison {unknown}
 o - 9 scrolls of identify {unknown}
 q - a scroll of blinking {unknown}
 r - a scroll of vulnerability {unknown}
 u - a scroll of amnesia {unknown}
 z - a scroll of enchant armour {unknown}
 C - a scroll of brand weapon {unknown}
 G - a scroll of enchant weapon {unknown}
Potions
 b - 3 potions of magic
 f - 2 potions of heal wounds
 l - a potion of curing
 s - 3 potions of mutation {unknown}
 x - a potion of haste {unknown}
 B - a potion of degeneration {unknown}
 D - a potion of resistance {unknown}
 E - a potion of berserk rage {unknown}
 F - 2 potions of brilliance


   Skills:
 + Level 1.4 Fighting
 + Level 1.6 Armour
 + Level 4.0 Dodging
 * Level 7.8 Stealth
 * Level 6.1 Spellcasting
 * Level 4.6 Conjurations
 + Level 3.5 Transmutations
 * Level 8.4 Earth Magic


You had 16 spell levels left.
You knew the following spells:

 Your Spells              Type           Power      Damage    Failure   Level
a - Sandblast             Erth           98%        2d20      1%          1
b - Stone Arrow           Conj/Erth      80%        3d12      1%          3

Your spell library contained the following spells:

 Spells                   Type           Power      Damage    Failure   Level
 Poisonous Vapours        Pois/Air       14%        N/A       11%         2
 Beastly Appendage        Tmut           50%        N/A       1%          1
 Passwall                 Tmut/Erth      30%        N/A       1%          2
 Wereblood                Tmut           25%        N/A       2%          2
 Petrify                  Tmut/Erth      37%        N/A       6%          4
 Apportation              Tloc           14%        N/A       8%          1
 Spider Form              Tmut/Pois      16%        N/A       11%         3
 Alistair's Intoxication  Tmut/Pois      10%        N/A       69%         5


Dungeon Overview and Level Annotations

Branches:
Dungeon (8/15)             Temple (0/1) D:4
   Lair: D:8-11

Altars:
Ashenzari
Cheibriados
Hepliaklqana
Kikubaaqudgha
Okawaru
Vehumet
Wu Jian
Xom

Shops:
D:4 (   D:5 [*


Innate Abilities, Weirdness & Mutations

You are immune to sickness and miasma.
Your stone body is resilient. (AC +6)
You are immune to poison.
You resist negative energy. (rN+)
You are resistant to electric shocks. (rElec)
You are resistant to unholy torment.
You are immune to petrification.


Message History

You are too injured to fight recklessly!
Aiming: Sandblast (safe; 1% risk of failure)
Press: ? - help, Q - select action, (/) - cycle Shift-Dir - straight line, f/p - orc warrior
Aim: an orc warrior, wielding a +0 arbalest and wearing a +0 chain mail (heavily wounded, ally target, 83% to hit)
The blast of sand hits the bullfrog!!
The bullfrog is almost dead.
The bullfrog barely misses you. The bullfrog hits you.
Aiming: Sandblast (safe; 1% risk of failure)
Press: ? - help, Q - select action, (/) - cycle Shift-Dir - straight line, f/p - orc warrior
Aim: an orc warrior, wielding a +0 arbalest and wearing a +0 chain mail (heavily wounded, ally target, 83% to hit)
The blast of sand misses the bullfrog.
The blast of sand hits the orc warrior!
The orc warrior is severely wounded.
The bullfrog hits you but does no damage.
The bullfrog closely misses you.
Aiming: Sandblast (safe; 1% risk of failure)
Press: ? - help, Q - select action, (/) - cycle Shift-Dir - straight line, f/p - orc warrior
Aim: an orc warrior, wielding a +0 arbalest and wearing a +0 chain mail (severely wounded, ally target, 83% to hit)
The blast of sand hits the bullfrog!!!
You kill the bullfrog!
Vehumet accepts your kill.
You feel your power returning.
The orc warrior shoots a bolt.
The bolt completely misses you. The bolt hits your hell rat.
The orc warrior shoots a bolt.
The bolt misses you. The bolt barely misses your hell rat.
Your Dodging skill increases to level 4!
Unknown command.
Aiming: Sandblast (safe; 1% risk of failure)
Press: ? - help, Q - select action, (/) - cycle Shift-Dir - straight line, f/p - orc warrior
Aim: an orc warrior, wielding a +0 arbalest and wearing a +0 chain mail (severely wounded, ally target, 83% to hit)
The blast of sand hits the orc warrior but does no damage.
The orc warrior is severely wounded.
The orc warrior shoots a bolt.
The bolt hits you!
* * * LOW HITPOINT WARNING * * *
Aiming: Sandblast (safe; 1% risk of failure)
Press: ? - help, Q - select action, (/) - cycle Shift-Dir - straight line, f/p - orc warrior
Aim: an orc warrior, wielding a +0 arbalest and wearing a +0 chain mail (severely wounded, ally target, 83% to hit)
The blast of sand hits the orc warrior but does no damage.
The orc warrior is severely wounded.
The orc warrior shoots a bolt.
The bolt hits you!
You die...

##### ### ...###.##
#######.##...##
..............#####
####
######.#.........###...
#.#.#.####...#...#
#.#.#......#......
#r#.######...#...#
#@#.# ##.###.## #†#.#
#....... .o#.# #####.##
#!)# #.## #).. #.##
#..# #... ...# ####
##.# #


You could see an orc warrior (ally target) and a friendly hell rat.

Vanquished Creatures
  Psyche (D:8)
  A wraith (D:7)
  2 water moccasins
  Duvessa (D:7)
  4 sky beasts
  The ghost of jlumianski the Trooper, an amateur DsFi (D:4)
  An ogre (D:3)
  A centaur (D:5)
  3 kobold brigands
  2 phantoms (D:5)
  4 bullfrogs
  A gnoll sergeant (D:6)
  3 scorpions
  Dowan (D:7)
  6 killer bees (D:8)
  3 howler monkeys
  4 hounds
  2 jellies (D:7)
  2 orc priests (D:8)
  An iguana (D:6)
  Natasha (thrice) (D:3)
  7 adders
  5 gnolls (D:6)
  2 shadow imps (D:6)
  A white imp (D:6)
  An ufetubus (D:5)
  2 worms (D:2)
  2 dart slugs
  4 orcs
  3 bats
  10 endoplasms
  4 giant cockroaches
  3 goblins
  6 hobgoblins
  22 kobolds
  6 ball pythons
  6 rats
131 creatures vanquished.

Notes
Turn   | Place    | Note
-------+----------+-------------------------------------------
     0 | D:1      | arthad the Gargoyle Earth Elementalist began the quest for
                  | the Orb.
     0 | D:1      | Reached XP level 1. HP: 10/10 MP: 3/3
   112 | D:1      | Reached XP level 2. HP: 15/15 MP: 3/5
   475 | D:1      | Reached skill level 1 in Transmutations
   509 | D:2      | Reached skill level 4 in Earth Magic
   532 | D:2      | Found a shimmering altar of Xom.
   538 | D:2      | Reached XP level 3. HP: 17/19 MP: 3/6
   757 | D:2      | Found a faded altar of an unknown god.
  1000 | D:2      | Learned a level 3 spell: Stone Arrow
  1536 | D:3      | Found a broken altar of Ashenzari.
  1536 | D:3      | Noticed an ogre
  1547 | D:3      | Reached XP level 4. HP: 24/24 MP: 0/7
  1643 | D:3      | Killed an ogre
  1644 | D:3      | Reached XP level 5. HP: 28/28 MP: 6/9
  1676 | D:3      | Noticed Natasha
  1677 | D:3      | Killed Natasha
  1739 | D:3      | Noticed a water moccasin
  1747 | D:3      | Killed a water moccasin
  1748 | D:3      | Reached skill level 5 in Earth Magic
  1748 | D:3      | Reached XP level 6. HP: 24/32 MP: 8/11
  1848 | D:3      | Noticed Natasha
  1854 | D:3      | Killed Natasha
  1868 | D:3      | Found an ancient bone altar of Kikubaaqudgha.
  1868 | D:3      | Found a radiant altar of Vehumet.
  1869 | D:3      | Found an ornate altar of the Wu Jian Council.
  1881 | D:3      | Became a worshipper of Vehumet
  2020 | D:3      | Noticed Natasha
  2022 | D:3      | Killed Natasha
  2130 | D:4      | Found an iron altar of Okawaru.
  2138 | D:4      | Found Fyhygg's Weapon Shoppe.
  2185 | D:4      | Found a staircase to the Ecumenical Temple.
  2295 | D:4      | Found a runed translucent gate.
  2295 | D:4      | Found a runed translucent gate.
  2295 | D:4      | Found a runed translucent gate.
  2295 | D:4      | Noticed jlumianski's ghost (amateur DsFi)
  2491 | D:4      | Killed jlumianski's ghost
  2492 | D:4      | Reached XP level 7. HP: 21/36 MP: 9/12
  2562 | D:5      | Entered Level 5 of the Dungeon
  2585 | D:5      | Reached skill level 5 in Stealth
  2585 | D:5      | Reached skill level 6 in Earth Magic
  2678 | D:5      | Found Zoimaod's Fire Supplies.
  2955 | D:5      | Reached XP level 8. HP: 41/41 MP: 12/14
  3088 | D:5      | Found Hyisogue's Armour Boutique.
  3125 | D:5      | Found the +2 ratskin cloak {*Rats rPois rN+ Str-1 Int-1
                  | Dex+1}
  3290 | D:6      | Found a snail-covered altar of Cheibriados.
  3443 | D:6      | Reached skill level 1 in Conjurations
  3809 | D:6      | Reached skill level 5 in Spellcasting
  3809 | D:6      | Reached skill level 7 in Earth Magic
  3973 | D:6      | Reached * piety under Vehumet
  3973 | D:6      | Offered knowledge of Shock by Vehumet.
  4338 | D:7      | Reached XP level 9. HP: 45/45 MP: 16/16
  4434 | D:7      | Found a shimmering altar of Xom.
  4435 | D:7      | Found a hazy altar of Hepliaklqana.
  4436 | D:7      | Noticed a spectral ugly thing
  4449 | D:7      | Noticed Duvessa
  4449 | D:7      | Noticed Dowan
  4459 | D:7      | Killed Duvessa
  4465 | D:7      | Killed Dowan
  4631 | D:7      | Reached skill level 8 in Earth Magic
  4873 | D:8      | Noticed Psyche
  4877 | D:8      | Killed Psyche
  4878 | D:8      | Reached skill level 1 in Armour
  4912 | D:8      | Reached skill level 1 in Fighting
  5028 | D:8      | Reached ** piety under Vehumet
  5030 | D:8      | Offered knowledge of Poisonous Vapours by Vehumet.
  5036 | D:8      | Shot with a bolt by an orc warrior

Illustrated notes

Levels and vault maps discovered:
D:1:      amcnicky_arrival_double_pillar, layout_rooms
D:2:      layout_loops_ring, basic_altar, hellmonk_ecumenical_altar_slurped_away
D:3:      layout_basic, nicolae_overflow_quartered_altars, uniq_natasha
D:4:      layout_gridville, mainiacjoe_overflow_chevrons,
          minmay_temple_entry_slanted, ebering_ghost_rock_garden, serial_shops,
          shop
D:5:      layout_gridville, serial_shops, shop, chequers_serial_rivers_small_b,
          nicolae_shop_fire_sale [nicolae_sub_dead_trees]
D:6:      layout_cave_pods, mainiacjoe_overflow_boulevard, kennysheep_path_1,
          palyth_stone_intersect
D:7:      layout_rooms, regret_index_temple_of_mockery,
          chequers_serial_rivers_large_a, uniq_duvessa
D:8:      layout_loops_ring, serial_shops, nicolae_shop_behind_doors,
          grunt_decor_cap, uniq_amaemon, uniq_psyche

Skill      XL: |  1  2  3  4  5  6  7  8  9 |
---------------+----------------------------+-----
Transmutations | 1 2 3 |  3.5
Earth Magic    | 4 5 6 7 8 |  8.4
Stealth        | 3 4 5 6 7 |  7.8
Dodging        | 2 3 4 |  4.0
Spellcasting   | 3 4 5 6 |  6.1
Conjurations   | 2 4 |  4.6
Armour         | 1 |  1.6
Fighting       | 1 |  1.4

Action                   |  1- 3 |  4- 6 |  7- 9 || total
-------------------------+-------+-------+-------++-------
Throw: Dart              |       |     2 |       ||     2
 Cast: Sandblast         |    57 |    39 |   138 ||   234
Evoke: Wand              |       |       |     2 ||     2
  Use: Scroll            |     2 |       |       ||     2
       Potion            |       |       |     3 ||     3
Armor: Robe              |     2 |     3 |    16 ||    21
Dodge: Dodged            |     9 |     9 |    36 ||    54

Table legend: (Time is in decaauts)
 A = Elapsed time spent in this place.
 B = Non-inter-level travel time spent in this place.
 C = Inter-level travel time spent in this place.
 D = Time resting spent in this place.
 E = Time spent auto-exploring this place.
 F = Levels seen in this place.
 G = Mean time per level.
                   A        B        C        D        E       F      G
               +--------+--------+--------+--------+--------+-----+--------+
         Total |   5154 |   4993 |    161 |    269 |   3805 |   8 |  644.2 |
       Dungeon |   5154 |   4993 |    161 |    269 |   3805 |   8 |  644.2 |
               +--------+--------+--------+--------+--------+-----+--------+

Top non-repeatable levels by time:
     D:6: 1060 daAuts
     D:2: 836 daAuts
     D:3: 741 daAuts
     D:5: 741 daAuts
     D:7: 569 daAuts
     D:1: 515 daAuts
     D:4: 514 daAuts
     D:8: 173 daAuts
